 Dungeon Crawl Stone Soup version 0.31-a0-765-g67fe2935dc (webtiles) character file.

Game seed: 17323551124429578033

19846 Skeral the Geomancer (level 13, -2/119 HPs)
             Began as a Meteoran Earth Elementalist on Sept 13, 2023.
             Was a High Priest of Sif Muna.
             Slain by a komodo dragon (76 damage)
             ... on level 3 of the Lair of Beasts on Sept 15, 2023.
             The game lasted 00:42:43 (5646 turns).

Skeral the Geomancer (Meteoran Earth Elementalist)  Turns: 5646, Time: 00:42:44

Health: -2/119     AC: 14    Str: 13    XL:     13   Next: 36%
Magic:  5/24       EV:  2    Int: 21    God:    Sif Muna [*****.]
Gold:   384        SH:  0    Dex: 16    Spells: 16/26 levels left

rFire   . . .        G - +1 dagger (venom)
rCold   . . .        D - +0 buckler
rNeg    . . .        J - +0 troll leather armour
rPois   .            e - +0 helmet
rElec   .            l - +1 cloak
rCorr   .            F - +2 pair of gloves {Str+3}
SInv    +            (no boots)
Will    +....        (no amulet)
Stlth   +            O - +4 ring of protection
HPRegen 1.19/turn    v - ring of see invisible
MPRegen 0.19/turn

%: no passive effects
@: sleeping, glowing
A: sense surroundings 2, otherworldly, glowing, explore regen
a: Renounce Religion, Channel Magic, Forget Spell, Divine Exegesis


You were on level 3 of the Lair of Beasts.
You worshipped Sif Muna.
Sif Muna was extremely pleased with you.
You visited 3 branches of the dungeon, and saw 15 of its levels.

You collected 606 gold pieces.
You spent 222 gold pieces at shops.


Innate Abilities, Weirdness & Mutations

You passively map the area around you.
You are easily found by Zot.
You glow in the dark.
You regain HP and MP as you explore.


   Skills:
 + Level 12.9 Fighting
 - Level 4.0 Armour
 - Level 2.1 Dodging
 - Level 1.4 Stealth
 - Level 4.0 Shields
 - Level 7.0 Spellcasting
 - Level 10.0 Conjurations
 - Level 4.0 Transmutations
 + Level 14.3 Earth Magic
 - Level 5.0 Invocations


You had 16 spell levels left.
You knew the following spells:

 Your Spells              Type           Power      Damage    Failure   Level
a - Stone Arrow           Conj/Erth      100%       3d13      1%          3
p - Passwall              Tmut/Erth      37%        N/A       1%          2
s - Sandblast             Erth           100%       2d20      1%          1
P - Petrify               Tmut/Erth      45%        N/A       3%          4

Your spell library contained the following spells:

 Spells                   Type           Power      Damage    Failure   Level
 Kiss of Death            Conj/Necr      100%       2d13      1%          1
 Confusing Touch          Hex            7%         N/A       41%         3
 Dispel Undead            Necr           7%         3d8       82%         4
 Chain Lightning          Conj/Air       14%        3d18      100%        9
 Fire Storm               Conj/Fire      14%        8d4       100%        9
 Shatter                  Erth           30%        3d25*     100%        9

Inventory:

Hand Weapons
 G - a +1 dagger of venom (weapon)
   (You took it off an orc wizard on level 8 of the Dungeon)
 R - a +2 dagger of flaming
   (You took it off an orc on level 11 of the Dungeon)
Missiles
 a - 9 atropa-tipped darts
 r - 4 boomerangs
 K - 5 silver javelins
 Q - 12 poisoned darts
 V - 4 curare-tipped darts {=f}
Armour
 e - a +0 helmet (worn)
   (You found it on level 5 of the Dungeon)
 g - a +0 cloak of poison resistance
   (You found it on level 2 of the Lair of Beasts)
 l - a +1 cloak (worn)
   (You found it on level 1 of the Dungeon)
 D - a +0 buckler (worn)
   (You found it on level 6 of the Dungeon)
 F - a +2 pair of gloves of strength (worn)
   (You bought it in a shop on level 5 of the Dungeon)
 J - a +0 troll leather armour (worn)
   (You found it on level 10 of the Dungeon)
Jewellery
 d - the ring "Notwojiw" {Ice Drain rElec Int+4 Dex+2}
   (You found it on level 2 of the Dungeon)

   [ring of ice]

   Ice:       It enhances your ice magic.
   Int+4:     It affects your intelligence (+4).
   Dex+2:     It affects your dexterity (+2).
   rF-:       It makes you vulnerable to fire.
   rC+:       It protects you from cold.
   rElec:     It insulates you from electricity.
   Drain:     It drains your maximum health when unequipped.
 v - a ring of see invisible (right hand)
   (You found it on level 4 of the Dungeon)
 E - a +5 ring of evasion
   (You found it on level 6 of the Dungeon)
 O - a +4 ring of protection (left hand)
   (You found it on level 1 of the Dungeon)
Talismans
 j - a flux talisman
   (You found it on level 1 of the Dungeon)
 y - a blade talisman
   (You found it on level 5 of the Dungeon)
 N - a maw talisman
   (You found it on level 8 of the Dungeon)
Wands
 t - a wand of flame (15)
   (You found it on level 4 of the Dungeon)
 z - a wand of acid (10)
   (You found it on level 5 of the Dungeon)
 C - a wand of roots (6)
   (You found it on level 6 of the Dungeon)
 H - a wand of paralysis (7)
   (You found it on level 8 of the Dungeon)
 L - a wand of mindburst (7)
   (You found it on level 7 of the Dungeon)
Scrolls
 f - 2 scrolls of enchant armour
 i - 6 scrolls of poison {unknown}
 n - 2 scrolls of fog
 p - a scroll of amnesia {unknown}
 s - 3 scrolls of torment {!r}
 u - a scroll of teleportation {@r4}
 w - a scroll of revelation
 I - a scroll of immolation {unknown}
 M - 2 scrolls of silence {unknown}
 S - a scroll of vulnerability {!r!r}
 T - a scroll of enchant weapon {unknown}
Potions
 b - a potion of magic
 c - 5 potions of might
 h - 2 potions of attraction {unknown}
 k - a potion of mutation {!q}
 o - a potion of brilliance
 q - a potion of lignification {!q}
 x - 2 potions of resistance
 A - 3 potions of invisibility {unknown}
 B - 2 potions of curing {@q1}
 U - a potion of heal wounds {unknown}

Dungeon Overview and Level Annotations

Branches:
Dungeon (11/15) Zot: 2010  Temple (1/1) D:4 Zot: 583    Lair (3/5) D:8 Zot: 595
  Swamp: Lair:2-3    Shoals: Lair:2-3     Snake: Lair:2-3    Spider: Lair:2-3
    Orc: D:9-12

Altars:
Ashenzari
Cheibriados
Dithmenos
Elyvilon
Fedhas
Gozag
Hepliaklqana
Kikubaaqudgha
Makhleb
Nemelex Xobeh
Okawaru
Qazlal
Ru
Sif Muna
Trog
Uskayaw
Vehumet
Wu Jian
Xom
Yredelemnul
Zin
The Shining One

Shops:
D:5 [   D:7 *

Annotations:
D:3 3 runed translucent doors, Sundig's ghost, amateur HuFi
D:10 1 transporter
D:11 Snorg
Lair:1 2 transporters, Dittersdorf's ghost, journeyman GrFi

*,,** #...#* ###*#...# # *,,,*
#...####.###..###### *******
##.............P#.#PP ***,***
#....!............... **,,,,,*
***##................†..
,,,*,,,***∩**#P...#.###P...#..#.#
,,*,,,,**,,,*#...#### ##...######
,,*,,,,**,,,*##lY# #...# *
,,**,,,,,,,,*#..@# #...#* #
,,**,,,,,,,**#...# #.<.P# *
,,***,*,**** #...# #....# #
,,******* ##.Y#* *#...##
,,**,,,,* #...* *,,,,* ,,,,,,,,*
#.YY* **,,,** **,*,*,,* #>..**
**,,,,,* *****,,** #..#.*
*,,,,,** *,,,* *,,,** **,,,,,*


You could see a komodo dragon, a yak (extremely poisoned) and 3 dream sheep.


Message History

Sif Muna will now gift you books as you gain piety.
A komodo dragon comes into view. 😕 HP[+1] MP[-3]
You lost 3 mp, and now have 15/24 mp.
Casting: Stone Arrow (safe; 1% risk of failure)
Confirm with . or Enter, or press ? or * to list all spells.
Aiming: Stone Arrow (safe; 1% risk of failure)
Press: ? - help, Shift-Dir - straight line, f - yak
Aim: a yak (87% to hit)
The stone arrow hits the yak!
The yak gores you but does no damage. The yak misses you. 😕 HP[+1] MP[-3]
You lost 3 mp, and now have 12/24 mp.
Casting: Stone Arrow (safe; 1% risk of failure)
Confirm with . or Enter, or press ? or * to list all spells.
Aiming: Stone Arrow (safe; 1% risk of failure)
Press: ? - help, Shift-Dir - straight line, f/p - yak
Aim: a yak (moderately wounded, 87% to hit)
The stone arrow hits the yak!!
The yak gores you! The yak gores you. 😕 HP[-16] MP[-3]
You take 16 damage, and now have 95/119 hp.
You lost 3 mp, and now have 9/24 mp.
Casting: Stone Arrow (safe; 1% risk of failure)
Confirm with . or Enter, or press ? or * to list all spells.
Aiming: Stone Arrow (safe; 1% risk of failure)
Press: ? - help, Shift-Dir - straight line, f/p - yak
Aim: a yak (severely wounded, 87% to hit)
The stone arrow hits the yak!
You kill the yak!
Sif Muna accepts your kill.
The yak barely misses you. 😕 HP[+1] MP[-2]
You lost 2 mp, and now have 7/24 mp.
The yak gores you but does no damage. The yak attacks as it pursues you!
The yak gores you but does no damage. 😕 HP[+5] MP[+1]
You regained 5 hp, and now have 101/119 hp.
The yak attacks as it pursues you! The yak gores you but does no damage.
The yak attacks as it pursues you!
You block the yak's attack. 😕 HP[+3] MP[+2]
You regained 3 hp, and now have 104/119 hp.
You regained 2 mp, and now have 10/24 mp. 😕 HP[+2] MP[+2]
You regained 2 hp, and now have 106/119 hp.
You regained 2 mp, and now have 12/24 mp.
Found a stone staircase leading down. 😕 HP[+1]
A dream sheep comes into view.
The dream sheep bleats!
You hear a bleat! 😕 HP[+1] MP[+1]
Casting: Stone Arrow (safe; 1% risk of failure)
Confirm with . or Enter, or press ? or * to list all spells.
Aiming: Stone Arrow (safe; 1% risk of failure)
Press: ? - help, Shift-Dir - straight line, f - yak
Aim: a yak (87% to hit)
The stone arrow hits the yak!! 😕 HP[+2] MP[-3]
You regained 2 hp, and now have 110/119 hp.
You lost 3 mp, and now have 10/24 mp.
Casting: Stone Arrow (safe; 1% risk of failure)
Confirm with . or Enter, or press ? or * to list all spells.
Aiming: Stone Arrow (safe; 1% risk of failure)
Press: ? - help, Shift-Dir - straight line, f/p - yak
Aim: a yak (almost dead, 87% to hit)
The stone arrow hits the yak!!
You kill the yak!
Sif Muna accepts your kill.
The dream sheep ruffles its wool and motes of dream dust sparkle, to no effect. 😕 HP[+1] MP[-3]
You lost 3 mp, and now have 7/24 mp.
Casting: Stone Arrow (safe; 1% risk of failure)
Confirm with . or Enter, or press ? or * to list all spells.
Aiming: Stone Arrow (safe; 1% risk of failure)
Press: ? - help, Shift-Dir - straight line, f - yak
Aim: a yak (87% to hit)
The stone arrow hits the yak!
The yak gores you! 😕 HP[-9] MP[-3]
You take 9 damage, and now have 102/119 hp.
You lost 3 mp, and now have 4/24 mp.
You barely miss the yak. The komodo dragon misses you.
The yak gores you but does no damage.
A dream sheep comes into view.
A dream sheep comes into view. 😕 HP[+1]
The dream sheep bleats! x2
You hit the yak but do no damage.
The yak is poisoned.
You hear the slow rumble of an avalanche of rocks.
You hear a bleat!
The komodo dragon bites you!!
The dream sheep ruffle their wool and motes of dream dust sparkle, to no effect.
The yak gores you. 😮 HP[-21] MP[+1]
You take 21 damage, and now have 82/119 hp.
You hit the yak.
The yak looks as sick as possible!
The komodo dragon barely misses you. The yak gores you!
The dream sheep shake their wool and sparkle.
You feel drowsy...
You fall asleep.
The komodo dragon bites you!!!!
Ouch! That really hurt!
You die...

Skill      XL: |  1  2  3  4  5  6  7  8  9 10 11 12 13 |
---------------+----------------------------------------+-----
Spellcasting   | 3 4 6 7 |  7.0
Earth Magic    | 4 5 6 7 8 10 12 13 14 | 14.3
Fighting       | 1 2 3 4 5 7 9 10 12 | 12.9
Conjurations   | 1 2 3 4 6 7 9 10 | 10.0
Shields        | 3 4 |  4.0
Transmutations | 3 4 |  4.0
Invocations    | 1 3 4 5 |  5.0
Armour         | 4 |  4.0
Dodging        | |  2.1
Stealth        | |  1.4

Action                     |  1- 3 |  4- 6 |  7- 9 | 10-12 | 13-15 || total
---------------------------+-------+-------+-------+-------+-------++-------
  Melee: Unarmed           |     2 |       |       |       |       ||     2
         Long sword        |       |     8 |       |       |       ||     8
         Quarterstaff      |       |     8 |     9 |       |       ||    17
         Dagger            |       |       |       |   206 |    29 ||   235
   Cast: Sandblast         |    32 |    61 |    46 |    54 |    21 ||   214
         Passwall          |     3 |    12 |     5 |     3 |       ||    23
         Stone Arrow       |       |     6 |    40 |   123 |    42 ||   211
         Petrify           |       |       |       |    10 |       ||    10
  Evoke: Wand              |       |       |     1 |    31 |       ||    32
    Use: Scroll            |       |     5 |       |    17 |     1 ||    23
         Potion            |       |       |       |     5 |       ||     5
   Stab: Petrified         |       |       |       |    33 |       ||    33
         Petrifying        |       |       |       |     1 |       ||     1
 Armour: Robe              |     6 |    71 |    22 |    28 |       ||   127
         Troll leather arm |       |       |       |   216 |    87 ||   303
  Dodge: Dodged            |     3 |    41 |    42 |   196 |    46 ||   328
  Block: Buckler           |       |       |       |    64 |    23 ||    87

Levels and vault maps discovered:
D:1:      lightli_arrival_statuegarden, layout_loops_cross
D:2:      layout_basic, nicolae_ecumenical_pavilion
D:3:      layout_basic, gammafunk_ghost_nasty_kobolds, st_stairs_9
D:4:      layout_rooms, temple_fountains
D:5:      cheibrodos_quashed, layout_gridville, serial_shops,
          nicolae_shop_scrapyard
D:6:      layout_loops_ring, uniq_prince_ribbit1, uniq_sigmund
D:7:      layout_loops_ring, minmay_overflow_temple_hex, ebering_ghost_xom,
          corexii_hall_statues_l, nicolae_alphabet_shops,
          amcnicky_mini_pool_small
D:8:      layout_basic, david_lair_shrubbed
D:9:      layout_roguey, dancing_weapons_uskayaw, david_orc_5
D:10:     layout_long_grid, serial_rivers, chequers_serial_rivers_micro_a,
          chequers_serial_rivers_room_a, chequers_serial_rivers_small_b,
          chequers_serial_rivers_micro_d, chequers_jeans, nicolae_diode_basic
D:11:     layout_cave_pools, serial_bayou, serial_bayou_crossing,
          serial_bayou_pond_e, serial_bayou_lagoon_a, serial_bayou_pond_e,
          uniq_snorg
Temple:   nicolae_temple_no_exploring_needed
Lair:1:   layout_long_grid, gammafunk_ghost_wrathful_warriors,
          serial_bayou_lake_a
Lair:2:   layout_roguey, nicolae_swamp_entry_spooky,
          minmay_snake_entry_spellcaster, infiniplex_staircase_pool,
          grunt_megastairs_3, lemuel_fruit_fields
Lair:3:   layout_long_grid, nicolae_volcano_entry_s_turn, grunt_megastairs_2

Notes
Turn   | Place    | Note
-------+----------+-------------------------------------------
     0 | D:1      | Skeral the Meteoran Earth Elementalist began the quest for
                  | the Orb.
     0 | D:1      | Reached XP level 1. HP: 14/14 MP: 5/5
     0 | D:1      | magus.rc [v1.10.3]
    50 | D:2      | Found a faded altar of an unknown god.
    68 | D:2      | Identified the ring "Notwojiw" {Ice Drain rElec Int+4
                  | Dex+2}
   101 | D:2      | Reached skill level 3 in Spellcasting
   101 | D:2      | Reached XP level 2. HP: 22/22 MP: 4/7
   104 | D:2      | Learned a level 2 spell: Passwall
   222 | D:1      | Reached skill level 4 in Earth Magic
   229 | D:1      | Reached skill level 1 in Fighting
   239 | D:1      | Reached XP level 3. HP: 28/28 MP: 6/8
   505 | D:2      | Reached skill level 1 in Conjurations
   509 | D:2      | Learned a level 3 spell: Stone Arrow
   581 | D:2      | Reached XP level 4. HP: 35/35 MP: 8/10
   714 | D:3      | Found a runed translucent gate.
   714 | D:3      | Found a runed translucent gate.
   714 | D:3      | Found a runed translucent gate.
   716 | D:3      | Noticed Sundig's ghost (amateur HuFi)
   720 | D:3      | Noticed a kobold brigand
   734 | D:3      | Reached skill level 2 in Fighting
   734 | D:3      | Reached XP level 5. HP: 20/41 MP: 3/11
   739 | D:3      | Reached skill level 2 in Conjurations
   825 | D:4      | Noticed a black bear
   863 | D:4      | Reached skill level 4 in Spellcasting
   910 | D:4      | Found a staircase to the Ecumenical Temple.
   918 | D:4      | Identified the +0 quarterstaff "Iptuifo" {flame, Stlth+}
   926 | Temple   | Entered the Ecumenical Temple
   927 | Temple   | magus.rc [v1.10.3]
   934 | Temple   | Became a worshipper of Sif Muna the Loreminder
  1013 | D:4      | Reached XP level 6. HP: 50/50 MP: 4/13
  1121 | D:3      | Reached skill level 5 in Earth Magic
  1299 | D:5      | Entered Level 5 of the Dungeon
  1378 | D:5      | You pick up a book of Annihilations and begin reading...
  1378 | D:5      | You add the spells Chain Lightning, Fire Storm and Shatter
                  | to your library.
  1518 | D:5      | Found Ekautoax's Antique Armour Boutique.
  1547 | D:5      | Reached skill level 3 in Fighting
  1547 | D:5      | Reached skill level 3 in Conjurations
  1582 | D:5      | Reached XP level 7. HP: 48/57 MP: 8/14
  1705 | D:6      | Reached skill level 4 in Conjurations
  1709 | D:6      | Reached skill level 4 in Fighting
  1709 | D:6      | Reached skill level 6 in Earth Magic
  1765 | D:6      | Reached XP level 8. HP: 65/67 MP: 1/15
  1798 | D:6      | Reached skill level 5 in Conjurations
  1847 | D:6      | Noticed Prince Ribbit
  1856 | D:6      | Killed Prince Ribbit
  1856 | D:6      | Reached * piety under Sif Muna
  1857 | D:6      | Reached skill level 5 in Fighting
  1857 | D:6      | Reached skill level 7 in Earth Magic
  1938 | D:6      | Noticed Sigmund
  1945 | D:6      | Killed Sigmund
  1946 | D:6      | Reached skill level 6 in Conjurations
  1946 | D:6      | Gained mutation: You passively map the area around you.
                  | [Meteoran growth]
  1946 | D:6      | Reached XP level 9. HP: 75/75 MP: 6/16
  1975 | D:5      | Bought a pair of embroidered gloves for 202 gold pieces
  2142 | D:7      | Reached skill level 6 in Fighting
  2301 | D:8      | Reached skill level 8 in Earth Magic
  2313 | D:8      | Reached skill level 1 in Shields
  2363 | D:7      | Found a sacrificial altar of Ru.
  2363 | D:7      | Found a shadowy altar of Dithmenos.
  2363 | D:7      | Found a radiant altar of Vehumet.
  2363 | D:7      | Found a glowing golden altar of the Shining One.
  2366 | D:7      | Reached skill level 2 in Shields
  2366 | D:7      | Reached skill level 7 in Conjurations
  2375 | D:7      | Found a glowing silver altar of Zin.
  2379 | D:7      | Found a broken altar of Ashenzari.
  2415 | D:7      | Found Ioehirgh's Incredible Inventory.
  2415 | D:7      | Noticed a two-headed ogre
  2419 | D:7      | Killed a two-headed ogre
  2420 | D:7      | Reached skill level 7 in Fighting
  2420 | D:7      | Reached skill level 3 in Shields
  2420 | D:7      | Reached XP level 10. HP: 79/86 MP: 2/17
  2423 | D:7      | Bought a scroll of identify for 20 gold pieces
  2457 | D:7      | Reached ** piety under Sif Muna
  2640 | D:7      | Reached skill level 9 in Earth Magic
  2676 | D:7      | You pick up a book of Touch and begin reading...
  2676 | D:7      | You add the spells Kiss of Death, Confusing Touch and
                  | Dispel Undead to your library.
  2804 | D:9      | Reached skill level 4 in Shields
  2804 | D:9      | Reached skill level 8 in Conjurations
  2805 | D:9      | Noticed a +0 dagger
  2805 | D:9      | Noticed a +0 dagger
  2809 | D:9      | Found a hide-covered altar of Uskayaw.
  2879 | D:9      | Identified the +6 shortbow of the Secret Nights {heavy,
                  | Will++ MP-9 Int+4}
  3074 | D:8      | Found a staircase to the Lair.
  3075 | D:8      | Noticed a komodo dragon
  3087 | D:8      | Killed a komodo dragon
  3088 | D:8      | Reached skill level 8 in Fighting
  3107 | D:8      | Learned a level 4 spell: Petrify
  3189 | Lair:1   | Entered Level 1 of the Lair of Beasts
  3189 | Lair:1   | Noticed a death yak
  3189 | Lair:1   | Noticed a death yak
  3189 | Lair:1   | Noticed a death yak
  3189 | Lair:1   | Noticed a death yak
  3189 | Lair:1   | Noticed a death yak
  3196 | D:8      | Killed a death yak
  3197 | D:8      | Reached skill level 9 in Conjurations
  3197 | D:8      | Reached skill level 2 in Transmutations
  3197 | D:8      | Reached skill level 10 in Earth Magic
  3290 | D:9      | Reached skill level 3 in Transmutations
  3336 | D:10     | Entered Level 10 of the Dungeon
  3343 | D:10     | Reached skill level 9 in Fighting
  3531 | D:10     | Found a transporter.
  3617 | D:10     | Reached skill level 1 in Invocations
  3617 | D:10     | Reached XP level 11. HP: 92/97 MP: 11/18
  3619 | D:10     | Reached skill level 1 in Armour
  3662 | D:10     | Reached skill level 2 in Invocations
  3883 | D:11     | Reached *** piety under Sif Muna
  3884 | D:11     | Reached skill level 2 in Armour
  3905 | D:11     | Reached skill level 4 in Transmutations
  3910 | D:11     | Noticed a two-headed ogre
  3939 | D:11     | Killed a two-headed ogre
  3940 | D:11     | Reached skill level 3 in Armour
  3940 | D:11     | Reached skill level 5 in Spellcasting
  3940 | D:11     | Reached skill level 3 in Invocations
  4059 | D:11     | Noticed a two-headed ogre
  4080 | D:11     | Killed a two-headed ogre
  4081 | D:11     | Reached skill level 4 in Armour
  4081 | D:11     | Reached skill level 11 in Earth Magic
  4128 | D:11     | Noticed a two-headed ogre
  4138 | D:11     | Noticed a two-headed ogre
  4148 | D:11     | Killed a two-headed ogre
  4149 | D:11     | Reached skill level 10 in Fighting
  4149 | D:11     | Reached skill level 6 in Spellcasting
  4162 | D:11     | Killed a two-headed ogre
  4198 | D:11     | Noticed a manticore
  4206 | D:11     | Killed a manticore
  4292 | D:11     | Noticed Snorg
  4498 | Lair:1   | Reached skill level 12 in Earth Magic
  4503 | Lair:1   | Reached XP level 12. HP: 78/107 MP: 22/22
  4550 | Lair:1   | Found a transporter.
  4566 | Lair:1   | Found a bloodstained altar of Trog.
  4575 | Lair:1   | Noticed a spriggan rider
  4575 | Lair:1   | Noticed Dittersdorf's ghost (journeyman GrFi)
  4582 | Lair:1   | Reached skill level 11 in Fighting
  4607 | Lair:1   | Found a transporter.
  4758 | Lair:1   | Killed a death yak
  4758 | Lair:1   | Reached **** piety under Sif Muna
  4759 | Lair:1   | Reached skill level 13 in Earth Magic
  4766 | Lair:1   | Killed a death yak
  4844 | Lair:2   | Noticed a death yak
  4844 | Lair:2   | Noticed a death yak
  4844 | Lair:2   | Noticed a death yak
  4846 | Lair:2   | Noticed a death yak
  4853 | Lair:2   | magus.rc [v1.10.3]
  4857 | Lair:2   | Noticed a death yak
  4859 | Lair:2   | Noticed a death yak
  4862 | Lair:2   | Killed a death yak
  4863 | Lair:2   | Reached skill level 4 in Invocations
  4869 | Lair:2   | HP: 21/112 [death yak (22)]
  4869 | Lair:2   | HP: 10/112 [death yak (11)]
  4869 | Lair:2   | HP: 2/112 [death yak (8)]
  4874 | Lair:2   | HP: 28/112 [blink frog (5)]
  4877 | Lair:2   | HP: 10/112 [blink frog (11)]
  4883 | Lair:2   | HP: 27/112 [blink frog (6)]
  4892 | Lair:2   | HP: 28/112 [cane toad (16)]
  4897 | Lair:2   | HP: 28/112 [poisoned by a cane toad]
  4899 | Lair:2   | HP: 13/112 [cane toad (1)]
  5046 | Lair:2   | Reached skill level 12 in Fighting
  5046 | Lair:2   | Reached skill level 7 in Spellcasting
  5049 | Lair:2   | Reached XP level 13. HP: 43/118 MP: 1/24
  5092 | Lair:2   | Reached skill level 5 in Invocations
  5206 | Lair:1   | Reached skill level 10 in Conjurations
  5351 | Lair:2   | Reached skill level 14 in Earth Magic
  5543 | Lair:2   | Glimpsed the power of Zot.
  5592 | Lair:2   | Glimpsed the power of Zot.
  5623 | Lair:3   | Upgraded the game from 0.31-a0-744-gbc345e7fcb to
                  | 0.31-a0-765-g67fe2935dc
  5623 | Lair:3   | magus.rc [v1.10.3]
  5631 | Lair:3   | Reached ***** piety under Sif Muna
  5646 | Lair:3   | Slain by a komodo dragon

Vanquished Creatures
  5 two-headed ogres
  4 death yaks
  A manticore (D:11)
  A guardian serpent (Lair:2)
  A gargoyle (D:10)
  2 cane toads (Lair:2)
  5 komodo dragons
  A troll (D:10)
  Prince Ribbit (D:6)
  14 blink frogs
  4 dream sheep (Lair:2)
  Sigmund (D:6)
  2 shadows (D:10)
  A vampire (D:11)
  18 yaks
  A wyvern (Lair:2)
  2 wraiths (D:9)
  A spectral komodo dragon (Lair:2)
  2 basilisks
  9 water moccasins
  2 orc warriors
  A black bear (D:7)
  An ice beast (D:6)
  6 wolves
  3 centaurs
  2 kobold brigands (D:8)
  A bullfrog (Lair:2)
  A gnoll sergeant (D:9)
  3 scorpions
  13 wights
  A killer bee (D:9)
  2 howler monkeys (D:10)
  3 electric eels
  2 hounds
  7 orc priests
  A jelly (D:6)
  An iguana (D:7)
  3 sleepcaps
  10 orc wizards
  5 gnolls (D:9)
  2 adders (D:2)
  2 white imps
  3 dart slugs
  32 orcs
  8 endoplasms
  5 goblins
  5 hobgoblins (D:3)
  8 jackals
  11 ball pythons
  3 bats
  3 frilled lizards
  12 kobolds
  2 rats
240 creatures vanquished.

Table legend:
 A = Non-vault XP
 B = Vault XP
 C = Vault XP percentage of total XP
 D = Non-vault monster count
 E = Vault monster count
 F = Vault count percentage of total count
                 A         B        C        D         E       F
            +---------+---------+-------+---------+---------+-------
      Total |   24756 |    3596 |  12.7 |     226 |      14 |   5.8
            +---------+---------+-------+---------+---------+-------
        D:1 |      28 |       0 |   0.0 |      16 |       0 |   0.0
        D:2 |      37 |       0 |   0.0 |       9 |       0 |   0.0
        D:3 |     129 |       3 |   2.3 |      23 |       2 |   8.0
        D:4 |      65 |       0 |   0.0 |      13 |       0 |   0.0
        D:5 |     294 |       0 |   0.0 |      11 |       0 |   0.0
        D:6 |     711 |     500 |  41.3 |      16 |       2 |  11.1
        D:7 |    1537 |       0 |   0.0 |      16 |       0 |   0.0
        D:8 |    1449 |     372 |  20.4 |      24 |       1 |   4.0
        D:9 |    1031 |       0 |   0.0 |      14 |       0 |   0.0
       D:10 |    1493 |       0 |   0.0 |      12 |       0 |   0.0
       D:11 |    5025 |       0 |   0.0 |      17 |       0 |   0.0
     Lair:1 |    5922 |       0 |   0.0 |      25 |       0 |   0.0
     Lair:2 |    6269 |    2477 |  28.3 |      26 |       8 |  23.5
     Lair:3 |     766 |     244 |  24.2 |       4 |       1 |  20.0
            +---------+---------+-------+---------+---------+-------

Skill      XL: |  1  2  3  4  5  6  7  8  9 10 11 12 13 |
---------------+----------------------------------------+-----
Spellcasting   | 3 4 6 7 |  7.0
Earth Magic    | 4 5 6 7 8 10 12 13 14 | 14.3
Fighting       | 1 2 3 4 5 7 9 10 12 | 12.9
Conjurations   | 1 2 3 4 6 7 9 10 | 10.0
Shields        | 3 4 |  4.0
Transmutations | 3 4 |  4.0
Invocations    | 1 3 4 5 |  5.0
Armour         | 4 |  4.0
Dodging        | |  2.1
Stealth        | |  1.4

Action                     |  1- 3 |  4- 6 |  7- 9 | 10-12 | 13-15 || total
---------------------------+-------+-------+-------+-------+-------++-------
  Melee: Unarmed           |     2 |       |       |       |       ||     2
         Long sword        |       |     8 |       |       |       ||     8
         Quarterstaff      |       |     8 |     9 |       |       ||    17
         Dagger            |       |       |       |   206 |    29 ||   235
   Cast: Sandblast         |    32 |    61 |    46 |    54 |    21 ||   214
         Passwall          |     3 |    12 |     5 |     3 |       ||    23
         Stone Arrow       |       |     6 |    40 |   123 |    42 ||   211
         Petrify           |       |       |       |    10 |       ||    10
  Evoke: Wand              |       |       |     1 |    31 |       ||    32
    Use: Scroll            |       |     5 |       |    17 |     1 ||    23
         Potion            |       |       |       |     5 |       ||     5
   Stab: Petrified         |       |       |       |    33 |       ||    33
         Petrifying        |       |       |       |     1 |       ||     1
 Armour: Robe              |     6 |    71 |    22 |    28 |       ||   127
         Troll leather arm |       |       |       |   216 |    87 ||   303
  Dodge: Dodged            |     3 |    41 |    42 |   196 |    46 ||   328
  Block: Buckler           |       |       |       |    64 |    23 ||    87

Illustrated notes

Table legend:
 A = Kills in this place as a percentage of kills in the entire game.
 B = Kills by you in this place as a percentage of kills by you in the entire game.
 C = Kills by friends in this place as a percentage of kills by friends in the entire game.
 D = Other kills in this place as a percentage of other kills in the entire game.
 E = Experience gained in this place as a percentage of experience gained in the entire game.
 F = Experience gained in this place divided by the number of levels of this place that you have seen.
                   A       B       C       D       E      F
               +-------+-------+-------+-------+-------+----------------------
         Total | 100.0 | 100.0 |   N/A |   N/A | 100.0 | 1890.1
       Dungeon |  73.3 |  73.3 |   N/A |   N/A |  44.7 | 1152.2
          Lair |  26.7 |  26.7 |   N/A |   N/A |  55.3 | 5226.0
               +-------+-------+-------+-------+-------+----------------------

Table legend: (Time is in decaauts)
 A = Elapsed time spent in this place.
 B = Non-inter-level travel time spent in this place.
 C = Inter-level travel time spent in this place.
 D = Time resting spent in this place.
 E = Time spent auto-exploring this place.
 F = Levels seen in this place.
 G = Mean time per level.
                   A        B        C        D        E       F      G
               +--------+--------+--------+--------+--------+-----+--------+
         Total |   5810 |   5327 |    483 |    156 |     41 |  15 |  387.3 |
       Dungeon |   4589 |   4165 |    424 |      2 |     41 |  11 |  417.2 |
        Temple |     16 |      2 |     14 |      0 |      0 |   1 |   16.0 |
          Lair |   1204 |   1159 |     45 |    154 |      0 |   3 |  401.3 |
               +--------+--------+--------+--------+--------+-----+--------+

Top non-repeatable levels by time:
  Lair:2: 632 daAuts
     D:8: 541 daAuts
    D:10: 533 daAuts
  Lair:1: 520 daAuts
     D:7: 494 daAuts
     D:5: 484 daAuts
    D:11: 474 daAuts
     D:6: 380 daAuts
     D:1: 368 daAuts
     D:2: 361 daAuts
     D:9: 357 daAuts
     D:4: 340 daAuts
     D:3: 252 daAuts
  Lair:3: 51 daAuts
  Temple: 16 daAuts
